 Dungeon Crawl Stone Soup version 0.27-a0-909-g0721f30 (webtiles) character file.

Game seed: 9690221260023646476

47 Nithhogg the Skirmisher (level 3, -4/29 HPs)
             Began as a Demonspawn Fighter on Apr 8, 2021.
             Slain by a worm (9 damage)
             ... on level 2 of the Dungeon.
             The game lasted 00:01:24 (1401 turns).

Nithhogg the Skirmisher (Demonspawn Fighter)        Turns: 1401, Time: 00:01:24

Health: -4/29      AC:  7    Str: 17    XL:     3   Next: 48%
Magic:  3/3        EV:  7    Int: 12    God:
Gold:   28         SH:  9    Dex: 12    Spells: 2/2 levels left

rFire    . . .     SeeInvis .   a - +0 long sword
rCold    . . .     Faith    .   c - +0 kite shield
rNeg     . . .     Spirit   .   b - +0 scale mail
rPois    .         Reflect  .   f - +1 hat {Int+3}
rElec    .         Harm     .   (no cloak)
rCorr    .         Rampage  .   (no gloves)
Will     .....                  (no boots)
Stlth    ..........             (no amulet)
HPRegen  0.09/turn              (no ring)
MPRegen  0.08/turn              (no ring)

@: flying
A: demonic guardian 2
a: no special abilities


You were on level 2 of the Dungeon.
You visited 1 branch of the dungeon, and saw 2 of its levels.

You collected 28 gold pieces.

Inventory:

Hand Weapons
 a - a +0 long sword (weapon)
Armour
 b - a +0 scale mail (worn)
 c - a +0 kite shield (worn)
 f - a +1 hat of intelligence (worn)
Jewellery
 h - a ring of wizardry
Scrolls
 e - 2 scrolls of magic mapping {unknown}
Potions
 d - a potion of might
 g - a potion of flight


   Skills:
 + Level 3.4 Fighting
 + Level 2.3 Long Blades
 + Level 3.1 Armour
 + Level 3.1 Shields


You had 2 spell levels left.
You didn't know any spells.
Your spell library was empty.

Dungeon Overview and Level Annotations

Branches:
Dungeon (2/15)

Altars:


Innate Abilities, Weirdness & Mutations

A demonic guardian rushes to your aid.


Message History

You are confused.
Found an escape hatch in the floor.
There is an open door here.
You are too confused!
You are too confused!
The kobold closely misses you.
The orc priest mumbles some strange prayers to Beogh against you.
Beogh smites you!
A demonic guardian appears!
The kobold hits you but does no damage.
An orc comes into view. It is wielding a +0 whip.
Drop what? 8/52 slots (_ for help) (? for menu, Esc to quit)
Okay, then.
The orc shouts!
Your hellwing hits the kobold!
The kobold dies!
You see here 5 poisoned darts.
Your hellwing closely misses the orc wizard.
Your hellwing misses the orc wizard. You hit your hellwing but do no damage.
The orc wizard points at you and mumbles some strange words.
The magic dart hits you.
* * * LOW HITPOINT WARNING * * *
Your hellwing barely misses the orc wizard. x2
The orc wizard hits you but does no damage.
You slash the worm!
The worm is heavily wounded.
You feel less confused.
The orc priest hits you with a +0 hand axe.
* * * LOW HITPOINT WARNING * * *
Your hellwing barely misses the orc wizard.
Your hellwing hits the orc wizard. You block the orc wizard's attack.
The orc priest hits you but does no damage.
The orc barely misses you.
You riposte.
You hit the orc.
The orc is moderately wounded.
Your hellwing hits the orc wizard!
The orc wizard dies!
It was a potion of flight.
You feel very buoyant.
You fly up into the air.
The worm bites you!
You die...

#......<....#
#.#########.# #.# #.#
#.# #.# #.# #.# #.#
#.# ### #.#
#####'#######
..#####.#
#...4o.......
.....##.#
#...@).o.....
.....##.#
#..?ow.......
.....##.#
#...o.....>..
.....##.#
#.......###..
.....##.#############
. .....##...>........
.....#####'#########
...................#
...................#


You could see a worm, an orc priest, 3 orcs and a friendly hellwing (summoned).

Vanquished Creatures
  A dart slug (D:1)
  2 bats (D:1)
  3 endoplasms
  4 goblins
  5 hobgoblins (D:1)
  A quokka (D:1)
  5 ball pythons
  2 frilled lizards
  3 kobolds
  A rat (D:2)
27 creatures vanquished.

Vanquished Creatures (collateral kills)
  An orc wizard (D:2)
  A kobold (D:2)
  A rat (D:1)
3 creatures vanquished.

Grand Total: 30 creatures vanquished

Notes
Turn   | Place    | Note
-------+----------+-------------------------------------------
     0 | D:1      | Nithhogg the Demonspawn Fighter began the quest for the
                  | Orb.
     0 | D:1      | Reached XP level 1. HP: 18/18 MP: 1/1
   270 | D:1      | Gained mutation: A weak demonic guardian rushes to your
                  | aid. [demonic ancestry]
   270 | D:1      | Reached XP level 2. HP: 22/24 MP: 2/2
  1083 | D:1      | Found a faded altar of an unknown god.
  1222 | D:2      | Gained mutation: A demonic guardian rushes to your aid.
                  | [demonic ancestry]
  1222 | D:2      | Reached XP level 3. HP: 28/29 MP: 3/3
  1401 | D:2      | Slain by a worm

Illustrated notes

Levels and vault maps discovered:
D:1:      lightli_arrival_chessboard, layout_loops_corners,
          basic_ecumenical_altar
D:2:      layout_basic, uniq_crazy_yiuf_cottage

Skill      XL: |  1  2 |
---------------+-------+-----
Long Blades    | 2 |  2.3
Armour         | 3 |  3.1
Shields        | 3 |  3.1
Fighting       | |  3.4

Action                   || total
-------------------------++-------
Melee: Long sword        ||    79
  Use: Potion            ||     1
Armor: Scale mail        ||    44
Dodge: Dodged            ||    26
Block: Kite shield       ||    38
       Rpst.: Long sword ||     8

Table legend: (Time is in decaauts)
 A = Elapsed time spent in this place.
 B = Non-inter-level travel time spent in this place.
 C = Inter-level travel time spent in this place.
 D = Time resting spent in this place.
 E = Time spent auto-exploring this place.
 F = Levels seen in this place.
 G = Mean time per level.
                   A        B        C        D        E       F      G
               +--------+--------+--------+--------+--------+-----+--------+
         Total |   1443 |   1422 |     21 |      0 |   1186 |   2 |  721.5 |
       Dungeon |   1443 |   1422 |     21 |      0 |   1186 |   2 |  721.5 |
               +--------+--------+--------+--------+--------+-----+--------+

Top non-repeatable levels by time:
     D:1: 1214 daAuts
     D:2: 229 daAuts
